 Dungeon Crawl Stone Soup version 0.20-a0-299-gec7c366 (webtiles) character file.

291180 Faca the Hoplite (level 21, -9/198 HPs)
             Began as a Formicid Fighter on Dec 13, 2016.
             Was the Champion of Okawaru.
             Killed from afar by Jory (65 damage)
             ... with a crystal spear
             ... on level 3 of the Vaults on Dec 16, 2016.
             The game lasted 03:50:54 (41076 turns).

Faca the Hoplite (Formicid Fighter)                Turns: 41076, Time: 03:50:59

Health: -9/198     AC: 29    Str: 30    XL:     21   Next: 65%
Magic:  0/21       EV: 13    Int:  9    God:    Okawaru [******]
Gold:   2784       SH: 26    Dex: 16    Spells: 20/20 levels left

rFire  . . .     SeeInvis +     B - +1 executioner's axe (chop)
rCold  . . .     Gourm    .     U - +2 storm dragon scales {Bai Suzhen}
rNeg   . . .     Faith    .     q - +1 large shield {AC+3}
rPois  .         Spirit   +     (helmet unavailable)
rElec  +         Reflect  .     J - +2 cloak {MR+}
rCorr  .         Harm     .     i - +1 pair of gloves
MR     +++..                    R - +1 pair of boots {Stlth+}
Stlth  ..........               S - amulet of guardian spirit
                                y - ring "Getolicat" {Str+4 Slay+3 Stlth-}
                                P - +2 ring of strength

@: mesmerised
A: permanent stasis, dig shafts and tunnels, four strong arms, antennae 3,
robust 1
}: 2/15 runes: barnacled, gossamer
a: Dig, Shaft Self, Heroism, Finesse, Renounce Religion


You were on level 3 of the Vaults.
You worshipped Okawaru.
Okawaru was exalted by your worship.
You were not hungry.

You visited 7 branches of the dungeon, and saw 34 of its levels.
You also visited: Sewer, Ossuary and Ice Cave.

You collected 3617 gold pieces.
You spent 833 gold pieces at shops.

Inventory:

Hand Weapons
 B - a +1 executioner's axe of chopping (weapon)
 I - the +6 great mace "Macw" {freeze, *Contam rF+ rN+ Str+7}
   (Okawaru gifted it to you on level 1 of the Vaults)

   It has been specially enchanted to freeze those struck by it, causing extra
   injury to most foes and up to half again as much damage against particularly
   susceptible opponents.
   It can also slow down cold-blooded creatures.
   It affects your strength (+7).
   It protects you from fire.
   It protects you from negative energy.
   It causes magical contamination when unequipped.
 W - the +1 battleaxe of Distant Worlds {venom, MR+ Dex+3}
   (Okawaru gifted it to you on level 2 of the Shoals)

   It poisons the flesh of those it strikes.
   It affects your dexterity (+3).
   It affects your resistance to hostile enchantments.
Armour
 i - a +1 pair of gloves (worn)
 o - a +1 large shield of fire resistance
 q - a +1 large shield of protection (worn)
 J - a +2 cloak of magic resistance (worn)
 R - a +1 pair of boots of stealth (worn)
 U - +2 storm dragon scales (worn) {Bai Suzhen}
Jewellery
 m - an uncursed ring of flight
 y - the ring "Getolicat" (right hand) {Str+4 Slay+3 Stlth-}
   (You bought it in a shop on level 3 of the Shoals)

   [ring of loudness]

   It affects your strength (+4).
   It affects your accuracy and damage with ranged weapons and melee attacks
   (+3).
   It makes you less stealthy.
 G - an uncursed ring of resist corrosion
 P - a +2 ring of strength (left hand)
 S - an amulet of guardian spirit (around neck)
Wands
 k - a wand of lightning (6/15)
 D - a wand of lightning (7/15)
 O - a wand of disintegration (19/24)
Scrolls
 b - 18 scrolls of remove curse
 d - 7 scrolls of recharging
 h - 6 scrolls of enchant armour
 n - 16 scrolls of identify
 p - 9 scrolls of enchant weapon
 A - a scroll of silence
 C - a scroll of holy word
 E - a scroll of summoning
 F - a scroll of fear
 T - a scroll of fog
Potions
 a - 4 potions of cancellation
 c - 2 potions of might
 e - 2 potions of brilliance
 j - a potion of invisibility
 r - 7 potions of curing
 t - 3 potions of cure mutation
 u - 6 potions of agility
 v - 5 potions of flight
 x - 3 potions of ambrosia
 H - 2 potions of resistance
 V - 3 potions of lignification
Miscellaneous
 w - a phantom mirror
 z - a disc of storms
 M - a lamp of fire
Comestibles
 f - 11 bread rations
 g - 7 meat rations
 l - 8 beef jerkies


   Skills:
 + Level 19.1 Fighting
 + Level 20.7(21.4) Axes
 + Level 11.2(17.1) Maces & Flails
   Level 1.0(14.1) Polearms
 + Level 12.8 Armour
 + Level 5.6 Dodging
 + Level 21.0 Shields
 + Level 0.5 Invocations


You had 20 spell levels left.
You didn't know any spells.

Dungeon Overview and Level Annotations

Branches:
Dungeon (14/15)            Temple (1/1) D:5            Lair (6/6) D:8
 Shoals (4/4) Lair:2       Spider (4/4) Lair:2        Slime (0/5) Lair:6
    Orc (2/2) D:11            Elf (0/3) Orc:2        Vaults (3/5) D:14
  Crypt (0/3) Vaults:3

Altars:
Ashenzari
Cheibriados
Dithmenos
Elyvilon
Fedhas
Gozag
Hepliaklqana
Kikubaaqudgha
Makhleb
Nemelex Xobeh
Okawaru
Qazlal
Ru
Sif Muna
Trog
Uskayaw
Vehumet
Xom
Yredelemnul
Zin
The Shining One
Beogh

Shops:
D:6 %   D:12 *   Orc:2 ?![(?   Shoals:3 *   Vaults:2 :

Portals:
Trove: D:12 (show slimy rune of Zot)

Annotations:
Vaults:3 Jory


Innate Abilities, Weirdness & Mutations

You cannot be hasted, slowed, berserked, paralysed or teleported.
You can dig through walls and to a lower floor.
Your four strong arms can wield two-handed weapons with a shield.
You have a pair of large antennae on your head. (SInv)
You are robust. (+10% HP)


Message History

You closely miss the rakshasa. You block the rakshasa's attack.
You miss the rakshasa.
The rakshasa is moderately wounded.
Jory no longer looks unusually strong.
You block Jory's attack. The rakshasa closely misses you.
You slice the rakshasa!!
The rakshasa is severely wounded.
The injured rakshasa weaves a defensive illusion!
You block Jory's attack.
The rakshasa blinks! x2
You slash the rakshasa!
The rakshasa is almost dead.
You block the rakshasa's attack.
You chop the rakshasa into pieces!!!
You kill the rakshasa!
Okawaru accepts your kill.
The rakshasa shimmers and vanishes! x2
Jory says, "Get out, get out, get out!"
Jory gestures at you while chanting. The crystal spear hits you!
You die...

###+ #......#..
.... #......#..
..... #......+.
..... #......#
......#......#
.)....#......+
......'†§V...#
#§)....# #)@....#
#......#
######+########
#...........
#...........
#######...........
#.....#...........
#...##..........$
##...##.....#####


You could see Jory.

Vanquished Creatures
  Mara (Shoals:3)
  Bai Suzhen (Spider:3)
  Asterion (Spider:3)
  2 sphinxes (Vaults:2)
  A kraken (Shoals:4)
  An ancient champion (Vaults:3)
  Donald (Vaults:1)
  Ilsuiw (Shoals:4)
  3 ghost moths
  6 emperor scorpions
  A deep elf sorcerer (Vaults:2)
  Louise (Spider:1)
  7 vault wardens
  12 ironheart preservers
  3 stone giants
  2 entropy weavers
  A deep elf demonologist (Vaults:1)
  2 spark wasps
  6 dire elephants (Lair:6)
  Snorg (Orc:1)
  6 merfolk javelineers
  2 fire dragons
  3 merfolk impalers
  An eidolon (Vaults:3)
  A great orb of eyes (Vaults:3)
  4 rakshasas
  13 ogre magi
  8 hydras
  10 vault guards
  An ice dragon (Vaults:1)
  3 yaktaur captains
  7 centaur warriors
  A merfolk avatar (Shoals:2)
  An anaconda (Lair:6)
  A satyr (Shoals:4)
  7 merfolk aquamancers
  2 alligator snapping turtles (Shoals:4)
  A death knight (Vaults:2)
  5 death yaks (Lair:4)
  The ghost of Warped the Carver, a journeyman VSMo of Cheibriados (D:11)
  5 deep elf knights
  An orc high priest (Orc:1)
  A storm dragon zombie (Vaults:3)
  A skeletal warrior (Vaults:2)
  3 unseen horrors
  5 sea snakes
  4 wizards
  A glowing orange brain (Vaults:2)
  2 flayed ghosts (Vaults:2)
  3 deep trolls (Vaults:2)
  4 deep elf archers
  6 orc knights
  A phantasmal warrior (Vaults:3)
  Pikel (D:8)
  19 harpies
  4 removed MONS_HILL_GIANTs
  2 necromancers
  5 ironbrand convokers
  12 orb spiders
  A sphinx zombie (Vaults:3)
  4 oklob plants (Lair:6)
  3 cyclopes
  5 deep elf magi
  29 wolf spiders
  A stone giant zombie (Vaults:3)
  38 ugly things
  3 centaur zombies
  2 orc sorcerers
  3 moths of wrath
  11 manticores
  5 fauns
  18 elephants (Lair:6)
  6 black mambas
  13 merfolk sirens
  Joseph (D:10)
  2 ice statues (IceCv)
  2 torpor snails (Spider:4)
  9 vault sentinels
  11 water nymphs
  8 spiny frogs
  24 yaktaurs
  2 rime drakes
  6 komodo dragons
  18 demonic crawlers
  3 freezing wraiths (Vaults:2)
  5 trolls
  8 wind drakes
  3 meliai (Spider:4)
  34 jumping spiders
  8 hornets
  25 merfolk
  A wolf spider simulacrum (D:14)
  A two-headed ogre (shapeshifter) (D:14)
  2 polar bears (Lair:6)
  A hornet (shapeshifter) (Vaults:3)
  47 two-headed ogres
  A frost giant simulacrum (Vaults:3)
  A tengu simulacrum (Vaults:3)
  8 snapping turtles
  A blink frog (shapeshifter) (Vaults:1)
  11 slime creatures
  6 hippogriffs
  5 blink frogs (Lair:3)
  9 dream sheep
  Sigmund (D:4)
  A centaur simulacrum (D:14)
  A stone giant simulacrum (Vaults:1)
  50 redbacks
  54 yaks
  A spriggan (shapeshifter) (Vaults:2)
  2 shadows (D:13)
  14 water elementals
  A human (shapeshifter) (Vaults:3)
  24 tarantellas
  2 wraiths
  A golden eye (shapeshifter) (Vaults:3)
  5 basilisks
  3 vampire mosquitoes (D:12)
  5 wargs
  2 acid dragons
  18 water moccasins
  2 soldier ants
  Duvessa (D:6)
  8 porcupines
  29 orc warriors
  3 sky beasts
  2 black bears (D:8)
  9 ice beasts
  5 phantoms
  A hornet zombie (D:14)
  2 eyes of draining
  A necrophage (D:8)
  3 boggarts (Vaults:1)
  47 ogres
  24 wolves
  21 centaurs
  17 crocodiles
  A big kobold (D:8)
  14 bullfrogs
  A wyvern zombie (D:11)
  A deep troll simulacrum (Vaults:1)
  2 wyvern skeletons
  4 scorpions
  Dowan (D:6)
  A killer bee (shapeshifter) (D:12)
  4 killer bees (D:12)
  4 wights
  2 electric eels
  A howler monkey (D:10)
  9 crimson imps
  A bullfrog zombie (D:13)
  5 hounds
  4 jellies
  20 orc priests
  3 human zombies
  2 bullfrog skeletons
  41 orc wizards
  4 centaur skeletons
  Jessica (D:3)
  4 iguanas
  Ijyb (D:2)
  10 worker ants
  10 hell rats
  Natasha (thrice) (D:2)
  3 big kobold zombies (Ossuary)
  4 hound zombies
  The ghost of WumbusTheBoofy the Chiller, a weakling OpIE (D:4)
  4 mummies (Ossuary)
  4 gnolls (D:6)
  A howler monkey skeleton (D:9)
  17 adders
  3 river rats
  3 shadow imps
  2 adder zombies (Ossuary)
  An adder skeleton (D:5)
  5 worms
  5 dart slugs
  7 leopard geckos
  87 orcs
  12 giant cockroaches
  5 goblins
  4 hobgoblins
  10 jackals
  8 kobolds
  6 quokkas
  5 ball pythons
  6 bats
  13 frilled lizards
  A goblin zombie (Ossuary)
  A jackal zombie (Ossuary)
  2 kobold zombies (Ossuary)
  A leopard gecko skeleton (D:8)
  3 quokka skeletons
  17 rats
  A fungus (Lair:3)
  23 plants
  2 tentacles (Shoals:4)
1398 creatures vanquished.

Vanquished Creatures (others)
  A merfolk impaler (Shoals:4)
  A vampire mage (Vaults:3)
  A shadow wraith (Vaults:3)
  A harpy (Shoals:3)
  A wolf spider (Spider:4)
  A merfolk siren (Shoals:4)
  A merfolk (Shoals:4)
  A jumping spider (Spider:4)
  2 tarantellas (Spider:4)
  4 slaves (D:8)
  12 fungi
  19 plants
  6 tentacles (Shoals:4)
51 creatures vanquished.

Grand Total: 1449 creatures vanquished

Notes
Turn   | Place    | Note
-------+----------+-------------------------------------------
     0 | D:1      | Faca the Formicid Fighter began the quest for the Orb.
     0 | D:1      | Reached XP level 1. HP: 18/18 MP: 1/1
     6 | D:1      | Noticed an anaconda
     6 | D:1      | Noticed a wyvern
     6 | D:1      | Noticed a hound
   267 | D:1      | Reached XP level 2. HP: 20/24 MP: 2/2
   505 | D:1      | Reached XP level 3. HP: 29/29 MP: 3/3
   506 | D:1      | Reached skill level 4 in Shields
   912 | D:2      | Noticed Natasha
   919 | D:2      | Killed Natasha
   919 | D:2      | Reached XP level 4. HP: 27/37 MP: 4/4
  1201 | D:2      | Reached XP level 5. HP: 42/42 MP: 5/5
  1224 | D:2      | You fall through a shaft for 2 floors!
  1626 | D:4      | Noticed Sigmund
  1636 | D:4      | Killed Sigmund
  1636 | D:4      | Reached skill level 1 in Dodging
  1636 | D:4      | Reached XP level 6. HP: 32/49 MP: 6/6
  1662 | D:4      | Reached skill level 5 in Shields
  1736 | D:4      | Found a glowing drain.
  1744 | Sewer    | Entered a sewer
  1850 | Sewer    | Reached XP level 7. HP: 37/55 MP: 7/7
  1854 | Sewer    | Reached skill level 5 in Axes
  2384 | D:4      | Noticed WumbusTheBoofy's ghost (weakling OpIE)
  2397 | D:4      | Killed WumbusTheBoofy's ghost
  2648 | D:2      | Noticed Natasha
  2658 | D:2      | Killed Natasha
  2695 | D:2      | Noticed Natasha
  2699 | D:2      | Killed Natasha
  3085 | D:2      | Found an iron altar of Okawaru.
  3093 | D:2      | Became a worshipper of Warmaster Okawaru
  3113 | D:2      | Noticed Ijyb
  3133 | D:2      | Killed Ijyb
  3133 | D:2      | Reached skill level 6 in Shields
  3473 | D:3      | Noticed Jessica
  3484 | D:3      | Killed Jessica
  3950 | D:4      | Reached XP level 8. HP: 61/61 MP: 8/8
  4105 | D:5      | Entered Level 5 of the Dungeon
  4231 | D:5      | Reached skill level 5 in Fighting
  4312 | D:5      | Found a sand-covered staircase.
  4320 | Ossuary  | Entered an ossuary
  4339 | Ossuary  | Reached * piety under Okawaru
  4723 | D:5      | Found a staircase to the Ecumenical Temple.
  4736 | Temple   | Entered the Ecumenical Temple
  5394 | D:6      | Reached skill level 7 in Shields
  5468 | D:6      | Reached XP level 9. HP: 68/68 MP: 9/9
  5531 | D:6      | Reached ** piety under Okawaru
  5539 | D:6      | Noticed Duvessa
  5544 | D:6      | Noticed Dowan
  5555 | D:6      | Killed Dowan
  5557 | D:6      | Killed Duvessa
  5596 | D:6      | Reached skill level 5 in Armour
  5596 | D:6      | Reached skill level 8 in Shields
  5613 | D:6      | Found Teimups's Food Boutique.
  6433 | D:7      | Reached *** piety under Okawaru
  6677 | D:7      | Found a deep blue altar of Sif Muna.
  6800 | D:7      | Reached XP level 10. HP: 77/77 MP: 10/10
  7006 | D:7      | Found an opulent altar of Gozag.
  7010 | D:7      | Found a snail-covered altar of Cheibriados.
  7165 | D:8      | Found a staircase to the Lair.
  7174 | D:8      | Noticed Pikel
  7179 | D:8      | Reached skill level 9 in Shields
  7197 | D:8      | Killed Pikel
  7197 | D:8      | Reached **** piety under Okawaru
  7197 | D:8      | Reached skill level 10 in Axes
  7569 | D:8      | Reached ***** piety under Okawaru
  7699 | D:8      | Received a gift from Okawaru
  7790 | D:8      | Reached XP level 11. HP: 74/84 MP: 11/11
  8002 | D:8      | Received a gift from Okawaru
  8002 | D:8      | Reached skill level 10 in Shields
  8565 | D:9      | Got a crystal dire flail
  8566 | D:9      | Identified the +2 dire flail of Integrity {freeze, rElec rPois SInv Stlth+} (You found it on level 9 of the Dungeon)
  8674 | D:9      | Found a shimmering altar of Xom.
  8879 | D:9      | Reached skill level 1 in Maces & Flails
  9285 | D:10     | Entered Level 10 of the Dungeon
  9426 | D:10     | Noticed a hill giant
  9436 | D:10     | Killed a hill giant
  9524 | D:10     | Got a twisted trident
  9525 | D:10     | Identified the +5 trident "Ysucvitz" {pierce, +Inv rPois rC+ Int+3} (You found it on level 10 of the Dungeon)
  9887 | D:10     | Noticed Joseph
  9901 | D:10     | Killed Joseph
  9901 | D:10     | Received a gift from Okawaru
  9902 | D:10     | Got a pair of brightly glowing boots {god gift}
  9913 | D:10     | Identified the +0 pair of boots "Mautacvy" {rElec rN+ MR- Int+6} (Okawaru gifted it to you on level 10 of the Dungeon)
 10319 | D:11     | Noticed Warped's ghost (journeyman VSMo)
 10334 | D:11     | Killed Warped's ghost
 10350 | D:11     | Reached XP level 12. HP: 84/94 MP: 12/12
 10420 | D:11     | Found a staircase to the Orcish Mines.
 10445 | D:11     | Found a roughly hewn altar of Beogh.
 10764 | D:11     | Reached skill level 5 in Maces & Flails
 10933 | Lair:1   | Entered Level 1 of the Lair of Beasts
 10981 | Lair:1   | Reached skill level 11 in Shields
 11234 | Lair:1   | Noticed a six-headed hydra
 11242 | Lair:1   | Killed a six-headed hydra
 12616 | Lair:2   | Found a staircase to the Shoals.
 12785 | Lair:2   | Found a hole to the Spider Nest.
 13185 | Lair:2   | Reached skill level 1 in Polearms
 13242 | Lair:3   | Received a gift from Okawaru
 13860 | Lair:3   | Reached ****** piety under Okawaru
 14584 | Lair:4   | Noticed a death yak
 14588 | Lair:4   | Noticed a death yak
 14589 | Lair:4   | Noticed a death yak
 14594 | Lair:4   | Noticed a death yak
 14596 | Lair:4   | Noticed a death yak
 14602 | Lair:4   | Killed a death yak
 14602 | Lair:4   | Reached skill level 12 in Shields
 14642 | Lair:4   | Killed a death yak
 14642 | Lair:4   | Reached XP level 13. HP: 44/102 MP: 13/13
 14968 | Lair:4   | Reached skill level 10 in Fighting
 14997 | Lair:4   | Received a gift from Okawaru
 15986 | Lair:4   | Noticed a four-headed hydra
 15995 | Lair:4   | Killed a four-headed hydra
 16584 | Lair:4   | Reached skill level 13 in Shields
 16686 | Lair:5   | Got a jewelled broad axe
 16687 | Lair:5   | Identified the +5 broad axe "Xodumono" {flame, Int+5 Dex+5 Stlth+} (You found it on level 5 of the Lair of Beasts)
 17252 | Lair:5   | Noticed a seven-headed hydra
 17258 | Lair:5   | Killed a four-headed hydra
 17517 | Lair:6   | Entered Level 6 of the Lair of Beasts
 17527 | Lair:6   | Found a staircase to the Slime Pits.
 17693 | Lair:6   | Got a twisted robe
 17704 | Lair:6   | Identified the cursed +0 robe "Jufapura" {+Blink MP+9} (You found it on level 6 of the Lair of Beasts)
 17956 | Lair:6   | Noticed an eight-headed hydra
 17962 | Lair:6   | Reached XP level 14. HP: 77/111 MP: 14/14
 17965 | Lair:6   | Received a gift from Okawaru
 18829 | Lair:6   | Received a gift from Okawaru
 18837 | Lair:6   | Reached skill level 14 in Shields
 18976 | Lair:6   | Noticed a dire elephant
 18985 | Lair:6   | Killed a dire elephant
 19078 | Lair:6   | Noticed a dire elephant
 19078 | Lair:6   | Noticed a dire elephant
 19099 | Lair:6   | Killed a dire elephant
 19099 | Lair:6   | Killed a dire elephant
 19381 | Lair:6   | Noticed a dire elephant
 19391 | Lair:6   | Killed a dire elephant
 19575 | Lair:6   | Reached skill level 15 in Axes
 19589 | Lair:6   | Noticed a dire elephant
 19608 | Lair:6   | Killed a dire elephant
 19608 | Lair:6   | Received a gift from Okawaru
 19618 | Lair:6   | Noticed a dire elephant
 19631 | Lair:6   | Killed a dire elephant
 19877 | Lair:6   | Reached skill level 10 in Armour
 20232 | D:12     | Reached XP level 15. HP: 120/120 MP: 15/15
 20282 | D:12     | Found Paulif's Serpentskin Sales.
 20842 | D:12     | Found a portal to a secret trove of treasure.
 20955 | Orc:1    | Entered Level 1 of the Orcish Mines
 21012 | Orc:1    | Noticed Snorg
 21024 | Orc:1    | Killed Snorg
 21024 | Orc:1    | Received a gift from Okawaru
 21157 | Orc:2    | Entered Level 2 of the Orcish Mines
 21675 | Orc:2    | Reached skill level 15 in Shields
 21684 | Orc:2    | Received a gift from Okawaru
 21694 | Orc:2    | Got a twisted scale mail {god gift}
 21929 | Orc:1    | Identified the +0 scale mail of Liberty {rElec rPois} (Okawaru gifted it to you on level 2 of the Orcish Mines)
 21996 | Orc:2    | Found Afrusk's Distillery.
 21996 | Orc:2    | Found Zeczun's Armour Shop.
 21997 | Orc:2    | Found Homiobid's Weapon Shop.
 21997 | Orc:2    | Found Nuxteps's Magic Scroll Shoppe.
 22032 | Orc:2    | Bought a scroll of enchant armour for 97 gold pieces
 22032 | Orc:2    | Bought a scroll of enchant weapon for 97 gold pieces
 22115 | Orc:2    | Found a staircase to the Elven Halls.
 22127 | Orc:2    | Found Plog's Magic Scroll Shoppe.
 22135 | Orc:2    | Bought a scroll of identify for 24 gold pieces
 22135 | Orc:2    | Bought a scroll of silence for 90 gold pieces
 22135 | Orc:2    | Bought a scroll of enchant weapon for 90 gold pieces
 22135 | Orc:2    | Bought a scroll of enchant armour for 90 gold pieces
 22634 | Orc:1    | Found a roughly hewn altar of Beogh.
 23058 | D:13     | Found a frozen archway.
 23068 | IceCv    | Entered an ice cave
 23923 | D:14     | Reached XP level 16. HP: 132/132 MP: 16/16
 24615 | D:14     | Received a gift from Okawaru
 24624 | D:14     | Found a gate to the Vaults.
 25266 | Spider:1 | Entered Level 1 of the Spider Nest
 25664 | Spider:1 | Noticed Louise
 25690 | Spider:1 | Killed Louise
 25716 | Spider:1 | Reached skill level 16 in Shields
 26594 | Spider:2 | Received a gift from Okawaru
 27396 | Spider:3 | Noticed Asterion
 27416 | Spider:3 | Killed Asterion
 27682 | Spider:3 | Reached XP level 17. HP: 138/140 MP: 17/17
 28337 | Spider:3 | Reached skill level 15 in Fighting
 28521 | Spider:3 | Noticed Bai Suzhen
 28545 | Spider:3 | Killed Bai Suzhen
 28613 | Spider:3 | Reached skill level 17 in Shields
 28733 | Spider:4 | Entered Level 4 of the Spider Nest
 28980 | Spider:4 | Received a gift from Okawaru
 28981 | Spider:4 | Got a fine chain mail {god gift}
 28995 | Spider:4 | Reached skill level 10 in Maces & Flails
 29211 | Spider:3 | Identified the +1 chain mail of Impatience {rF+} (Okawaru gifted it to you on level 4 of the Spider Nest)
 30654 | Spider:4 | Reached skill level 18 in Shields
 30830 | Spider:4 | Reached XP level 18. HP: 113/151 MP: 13/18
 30972 | Spider:4 | Got a gossamer rune of Zot
 31152 | D:9      | Upgraded the game from 0.20-a0-277-g7db01f4 to 0.20-a0-299-gec7c366
 31217 | Shoals:1 | Entered Level 1 of the Shoals
 31229 | Shoals:1 | Received a gift from Okawaru
 32414 | Shoals:2 | Received a gift from Okawaru
 32415 | Shoals:2 | Got a slimy battleaxe {god gift}
 32416 | Shoals:2 | Identified the +1 battleaxe of Distant Worlds {venom, MR+ Dex+3} (Okawaru gifted it to you on level 2 of the Shoals)
 32879 | Shoals:3 | Found Geseriur's Assorted Antiques.
 32892 | Shoals:3 | Bought a flickering lapis lazuli ring for 115 gold pieces
 32892 | Shoals:3 | Bought a potion of heal wounds for 115 gold pieces
 32892 | Shoals:3 | Bought a potion of heal wounds for 115 gold pieces
 32892 | Shoals:3 | Identified the ring "Getolicat" {Str+4 Slay+3 Stlth-} (You bought it in a shop on level 3 of the Shoals)
 33045 | Shoals:3 | Noticed Mara
 33054 | Shoals:3 | Noticed Faca's illusion
 33337 | Shoals:3 | Noticed Faca's illusion
 33456 | Shoals:3 | Noticed Faca's illusion
 33632 | Shoals:3 | Noticed Faca's illusion
 33632 | Shoals:4 | Entered Level 4 of the Shoals
 33671 | Shoals:4 | Noticed Ilsuiw
 33735 | Shoals:4 | Killed Ilsuiw
 33743 | Shoals:4 | Received a gift from Okawaru
 34011 | Shoals:3 | Noticed Faca's illusion
 34030 | Shoals:3 | Killed Mara
 34030 | Shoals:3 | Reached skill level 19 in Shields
 34370 | Shoals:4 | Got a translucent war axe
 34371 | Shoals:4 | Identified the +2 war axe "Eppappat" {distort, rElec rC+ Dex+2} (You found it on level 4 of the Shoals)
 35168 | Shoals:4 | Reached XP level 19. HP: 131/161 MP: 15/19
 35409 | Shoals:4 | Got a barnacled rune of Zot
 35424 | Shoals:4 | Gained mutation: You are robust. (+10% HP) [potion of beneficial mutation]
 36392 | Shoals:4 | Reached skill level 5 in Dodging
 36511 | Shoals:4 | Identified the Incunabulum of the Frostbite and Envenoming
 36960 | Vaults:1 | Entered Level 1 of the Vaults
 37692 | Vaults:1 | Received a gift from Okawaru
 37693 | Vaults:1 | Got a crystal great mace {god gift}
 37698 | Vaults:1 | Identified the +6 great mace "Macw" {freeze, *Contam rF+ rN+ Str+7} (Okawaru gifted it to you on level 1 of the Vaults)
 37747 | Vaults:1 | Reached skill level 20 in Shields
 37896 | Vaults:1 | Noticed a Tzitzimitl
 38189 | Vaults:1 | Noticed Donald
 38200 | Vaults:1 | Killed Donald
 38202 | Vaults:1 | Got an encrusted shield {Donald}
 38207 | Vaults:1 | Identified the +1 shield of Anarchy {rElec rPois rC- SInv} (You took it off Donald on level 1 of the Vaults)
 38541 | Vaults:2 | Reached XP level 20. HP: 187/187 MP: 20/20
 38574 | Vaults:2 | Received a gift from Okawaru
 38633 | Vaults:2 | Found Byqas's Book Boutique.
 39104 | Vaults:2 | Received a gift from Okawaru
 40084 | Vaults:2 | Reached XP level 21. HP: 195/195 MP: 21/21
 40089 | Vaults:2 | Received a gift from Okawaru
 40866 | Vaults:3 | Reached skill level 21 in Shields
 40888 | Vaults:3 | Found a staircase to the Crypt.
 41038 | Vaults:3 | Noticed Jory
 41076 | Vaults:3 | Killed from afar by Jory

Vault maps used:
D:1:      onia_arrival_zoo_common
D:2:      overflow_temple_1_default, first_bread, st_stairs_14, uniq_iyjb,
          uniq_natasha
D:3:      uniq_jessica
D:4:      gup_sewer_entry_bubbles, minmay_misc_feat_room, uniq_sigmund
D:5:      chequers_ossuary_entry_cave
D:6:      serial_shops, shop, grunt_decor_clamped, uniq_duvessa
D:7:      minitemple, kennysheep_little_box
D:8:      minmay_lair_entry_grove, hangedman_pestilent_swarm, uniq_pikel
D:9:      kennysheep_mini_moat, nrook_uturn
D:10:     uniq_joseph
D:11:     minmay_orc_entry_temple_small
D:12:     enter_trove_5, guppyfry_shop_venom
D:13:     portal_ice_cave_entry_pillars_1, spider_trap,
          kennysheep_generic_room_10
D:14:     david_vaults_5
Temple:   compressed_dpeg_circular_temple
Lair:1:   hibernation_bobbens, grunt_megastairs_4, infiniplex_staircase_pool,
          serial_bayou_shore_b, lemuel_fruit_fields
Lair:2:   minmay_shoals_entry_lonely_mermaid, spider_nest_entry_web_field
Lair:3:   serial_bayou_pond_e, serial_bayou_shore_b, infiniplex_staircase_pool_2
Lair:4:   kennysheep_abandoned_house, grunt_megastairs_2
Lair:5:   serial_bayou_shore_b, lemuel_fruit_fields, lemuel_fruit_tree
Lair:6:   due_jungle_book, slime_dummy, serial_bayou_lagoon_a,
          minmay_lair_oklob_chamber
Shoals:3: serial_shops, nicolae_shop_crystal, uniq_mara
Shoals:4: shoals_end_simple, shoals_ilsuiw_ice
Spider:1: uniq_louise
Spider:3: uniq_bai_suzhen, uniq_asterion
Spider:4: grunt_spider_rune_island
Orc:1:    kennysheep_orc_chapel, uniq_snorg
Orc:2:    st_orc_ogre_mass, serial_shops,
          nicolae_shop_competitors_out_of_business, nicolae_orc_flooded_monolith
Vaults:1: v_misc_29, vaults_mumra_minichess_inversion,
          nicolae_vaults_sealed_display, v_misc_30,
          nicolae_vaults_ring_of_whatevers, vaults_room_stairs_pillars,
          uniq_donald
Vaults:2: ontoclasm_vaults_claustrophobia, grunt_vaults_twisty,
          nicolae_vaults_diagonal_hallway_6, nicolae_vaults_border_crossing,
          hangedman_vaults_restitches, hangedman_vaults_hat, vaults_dpeg_ring,
          v_misc_22, serial_ice_m, v_misc_28, hangedman_vaults_cutoff,
          hangedman_vaults_stretched_pinwheel, vaults_dpeg_hooks,
          ontoclasm_vaults_ring_small, serial_shops, nicolae_shop_behind_doors
Vaults:3: grunt_vaults_hallway_long, minmay_crypt_entry_simple_box,
          vaults_room_grunt_arrival_ludios, grunt_vaults_focal, v_alt_pattern_2,
          v_misc_22, nicolae_vaults_circle_grid_a, grunt_vaults_funnel,
          hangedman_vaults_trim, hangedman_vaults_stitches,
          nicolae_vaults_shelves_hall, nicolae_vaults_alarming, uniq_jory
Sewer:    sewer_frog_island_01
Ossuary:  ossuary_minmay_tomb_2a
IceCv:    ice_cave_statue_garden_teleport

Skill      XL: |  1  2  3  4  5  6  7  8  9 10 11 12 13 14 15 16 17 18 19 20 21 |
---------------+----------------------------------------------------------------+-----
Shields        | 4 5 6 7 8 9 10 12 13 14 15 16 18 19 20 21 | 21.0
Axes           | 3 4 5 7 9 10 11 12 13 15 16 17 18 19 20 | 20.7
Fighting       | 4 5 6 7 8 9 10 11 13 14 15 17 18 19 | 19.1
Dodging        | 1 2 3 4 5 |  5.6
Armour         | 4 5 6 7 8 9 10 11 12 | 12.8
Maces & Flails | 4 6 9 11 | 11.2
Polearms       | 1 |  1.0
Invocations    | |  0.5

Action                   |  1- 3 |  4- 6 |  7- 9 | 10-12 | 13-15 | 16-18 | 19-21 || total
-------------------------+-------+-------+-------+-------+-------+-------+-------++-------
Melee: War axe           |    77 |   145 |   436 |       |       |    66 |   213 ||   937
       Battleaxe         |       |       |    19 |   557 |   129 |   201 |   279 ||  1185
       Dire flail        |       |       |       |   316 |   117 |  1117 |       ||  1550
       Trident           |       |       |       |    10 |       |       |       ||    10
       Broad axe         |       |       |       |       |   896 |   400 |       ||  1296
       Executioner's axe |       |       |       |       |       |       |   506 ||   506
Invok: Heroism           |       |       |     1 |       |       |     1 |       ||     2
 Abil: Dig               |       |     1 |       |     1 |     1 |     3 |     1 ||     7
       Evoke Flight      |       |     1 |       |       |       |       |       ||     1
  Use: Scroll            |     8 |     1 |    13 |     4 |     6 |     7 |     5 ||    44
       Potion            |       |     1 |     1 |     2 |     7 |     8 |     8 ||    27
 Stab: Invisible         |       |       |       |       |    10 |       |       ||    10
       Distracted        |       |       |       |       |       |       |     2 ||     2
  Eat: Chunk             |       |     1 |     1 |     2 |     2 |     1 |     9 ||    16
       Meat ration       |       |     1 |       |     1 |       |     1 |       ||     3
       Royal jelly       |       |       |     1 |     1 |       |     5 |     4 ||    11
       Pizza             |       |       |     1 |       |       |     5 |       ||     6
       Bread ration      |       |       |     2 |     2 |     2 |     3 |       ||     9
       Beef jerky        |       |       |     2 |       |       |       |     2 ||     4
       Fruit             |       |       |       |    12 |    20 |     2 |       ||    34
Armor: Scale mail        |    21 |       |       |       |       |       |       ||    21
       Chain mail        |    33 |    75 |   172 |       |       |       |       ||   280
       Skin              |       |       |    12 |     8 |    51 |       |       ||    71
       Plate armour      |       |       |     1 |   314 |   362 |   222 |       ||   899
       Storm dragon scal |       |       |       |       |       |   467 |   246 ||   713
Dodge: Dodged            |    28 |    43 |    68 |   106 |   202 |   570 |   186 ||  1203
Block: Shield            |    57 |    85 |     4 |       |       |       |       ||   146
       Large shield      |       |       |   394 |   812 |  1034 |  2046 |  1086 ||  5372
